 Dungeon Crawl Stone Soup version 0.30.0-16-gbe6223bb7e (webtiles) character file.

Game seed: 18036290213627801281

67 bnnuy the Firebug (level 4, 0/30 HPs)
             Began as a Human Fire Elementalist on May 20, 2023.
             Killed by divine providence
             ... invoked by an orc priest
              (14 damage)
             ... on level 2 of the Dungeon.
             The game lasted 00:08:44 (1888 turns).

bnnuy the Firebug (Human Fire Elementalist)         Turns: 1888, Time: 00:08:44

Health: 0/30       AC:  5    Str:  8    XL:     4   Next: 40%
Magic:  2/8        EV: 12    Int: 18    God:
Gold:   81         SH:  0    Dex: 13    Spells: 6/9 levels left

rFire   + . .        p - staff of fire
rCold   . . .        (no shield)
rNeg    . . .        a - +0 robe
rPois   .            g - +2 helmet {SInv}
rElec   .            (no cloak)
rCorr   .            (no gloves)
SInv    +            (no boots)
Will    .....        (no amulet)
Stlth   ++           (no ring)
HPRegen 0.25/turn    (no ring)
MPRegen 0.11/turn

%: no passive effects
@: no status effects
A: no striking features
a: no special abilities


You were on level 2 of the Dungeon.
You visited 1 branch of the dungeon, and saw 2 of its levels.

You collected 81 gold pieces.

Inventory:

Hand Weapons
 c - a +0 dagger
 o - a +1 dagger of venom
Missiles
 n - 4 atropa-tipped darts
Armour
 a - a +0 robe (worn)
 g - a +2 helmet of see invisible (worn)
Magical Staves
 p - a staff of fire (weapon)
Scrolls
 d - a scroll of identify {unknown}
 j - a scroll of poison {unknown}
 k - a scroll of vulnerability {unknown}
Potions
 b - a potion of magic
 e - 2 potions of degeneration {unknown}
 f - a potion of lignification {unknown}
 h - a potion of might {unknown}
 i - a potion of curing {unknown}
 l - a potion of ambrosia {unknown}
 m - a potion of invisibility {unknown}


   Skills:
 + Level 2.6 Dodging
 - Level 2.0 Stealth
 * Level 3.0 Spellcasting
 - Level 1.0 Conjurations
 * Level 3.8 Fire Magic


You had 6 spell levels left.
You knew the following spells:

 Your Spells              Type           Power      Damage    Failure   Level
a - Foxfire               Conj/Fire      68%        2x1d7     6%          1
b - Scorch                Fire           48%        2d7       4%          2

Your spell library contained the following spells:

 Spells                   Type           Power      Damage    Failure   Level
 Inner Flame              Hex/Fire       14%        N/A       22%         3
 Volatile Blastmotes      Fire/Tloc      28%        2d12      22%         3
 Flame Wave               Conj/Fire      17%        2d7       52%         4


Dungeon Overview and Level Annotations

Branches:
Dungeon (2/15)

Altars:


Message History

Confirm with . or Enter, or press ? or * to list all spells.
You feel a surge of power!
Flames lash the orc.
The orc is burned terribly!
You kill the orc!
You hear a shout! x2
An orc comes into view. It is wielding a +0 dagger.
An orc is nearby!
Your magical contamination has completely faded away.
A quokka comes into view.
Casting: Scorch (safe; 5% risk of failure)
Confirm with . or Enter, or press ? or * to list all spells.
You feel a surge of power!
You conjure some foxfire!
The foxfire hits the orc but does no damage.
The foxfire hits the orc.
The orc is lightly wounded.
Casting: Foxfire (safe; 6% risk of failure)
Confirm with . or Enter, or press ? or * to list all spells.
You feel a surge of power!
You conjure some foxfire!
You barely miss the quokka.
The foxfire hits the quokka.
The quokka is almost dead.
The foxfire hits the quokka.
You kill the quokka!
An orc priest comes into view. It is wielding a +0 quarterstaff.
An orc comes into view. It is wielding a +0 whip.
Your Spellcasting skill increases to level 3!
Okay, then.
The endoplasm hits you but does no damage.
An orc comes into view. It is wielding a +0 hand axe.
The endoplasm closely misses you.
You see here a dark potion.
The endoplasm attacks as you move away! The endoplasm hits you.
The orc attacks as you move away! The orc hits you with a +0 dagger.
The orc priest shouts!
The orc priest invokes the aid of Beogh against you.
Beogh smites you!
You hit the orc but do no damage.
The orc is lightly wounded.
The orc hits you but does no damage. x2
The orc priest calls down the wrath of Beogh upon you.
Beogh smites you!
You die...

#.###).....#
#.........## #.....)...#
#.....o...##
##..........##
#.....##.?†..#
#.....##.oo..#
#.......#.(.!#########..
#...###.#....Jo.@.......
#...# #.......########..
###.# ###...... ....#
#....#.. ##### #........
# #........# ### #
#......... #<# # #....
...#..#.#.# # #.#.#.#


You could see an orc priest, an orc and an endoplasm.

Vanquished Creatures
  2 adders (D:2)
  2 dart slugs
  An orc (D:2)
  An endoplasm (D:1)
  2 giant cockroaches (D:1)
  4 goblins
  5 hobgoblins
  5 quokkas
  6 ball pythons
  4 bats
  5 kobolds (D:1)
  7 rats
44 creatures vanquished.

Vanquished Creatures (others)
  125 foxfires
125 creatures vanquished.

Grand Total: 169 creatures vanquished

Notes
Turn   | Place    | Note
-------+----------+-------------------------------------------
     0 | D:1      | bnnuy the Human Fire Elementalist began the quest for the
                  | Orb.
     0 | D:1      | Reached XP level 1. HP: 13/13 MP: 3/3
   206 | D:1      | Reached XP level 2. HP: 19/19 MP: 1/5
   650 | D:1      | Reached XP level 3. HP: 24/24 MP: 3/6
  1480 | D:2      | Learned a level 2 spell: Scorch
  1573 | D:2      | Upgraded the game from 0.30.0-15-g856e2d3f33 to
                  | 0.30.0-16-gbe6223bb7e
  1663 | D:2      | Reached XP level 4. HP: 30/30 MP: 6/8
  1888 | D:2      | Killed from afar by an orc priest

Illustrated notes

Levels and vault maps discovered:
D:1:      saegor_arrival_simple_d, layout_basic
D:2:      layout_basic, serial_bayou_pond_d

Skill      XL: |  1  2  3  4 |
---------------+-------------+-----
Spellcasting   | 3 |  3.0
Dodging        | |  2.6
Stealth        | |  2.0
Conjurations   | |  1.0
Fire Magic     | |  3.8

Action                     |  1- 3 |  4- 6 || total
---------------------------+-------+-------++-------
  Melee: Unarmed           |    14 |       ||    14
         Punch             |     1 |     1 ||     2
         Dagger            |    22 |     5 ||    27
         Staff             |       |     4 ||     4
   Cast: Foxfire           |    66 |    12 ||    78
         Scorch            |       |     2 ||     2
 Armour: Robe              |    15 |     7 ||    22
  Dodge: Dodged            |    36 |     5 ||    41
